 Dungeon Crawl Stone Soup version 0.25.1-2-g60ff931df9 (webtiles) character file.

Game seed: 4084434480126095575

10735 gruber the Nimble (level 11, -12/54 HPs)
             Began as a Deep Elf Ice Elementalist on Nov 15, 2020.
             Was a Priest of Vehumet.
             Killed from afar by Azrael (24 damage)
             ... with damnation
             ... on level 12 of the Dungeon.
             The game lasted 00:20:17 (15982 turns).

gruber the Nimble (Deep Elf Ice Elementalist)      Turns: 15982, Time: 00:20:18

Health: -12/54     AC:  9    Str:  9    XL:     11   Next: 40%
Magic:  10/23      EV: 24    Int: 24    God:    Vehumet [***...]
Gold:   734        SH:  7    Dex: 28    Spells: 4/24 levels left

rFire    . . .     SeeInvis .   v - +5 dagger
rCold    . . .     Gourm    .   H - +0 buckler
rNeg     + . .     Faith    .   u - +1 robe of Jiestreg {+Inv Str+4 Dex+7}
rPois    .         Spirit   .   B - +2 helmet
rElec    .         Reflect  .   L - scarf {+Inv}
rCorr    .         Harm     .   D - +1 pair of gloves
MR       +....                  q - +0 pair of boots (curse)
Stlth    +++.......             (no amulet)
HPRegen  0.18/turn              w - ring of positive energy
MPRegen  0.18/turn              M - +6 ring of dexterity

@: about to teleport, very slightly contaminated
A: no striking features
a: Renounce Religion, Evoke Invisibility


You were on level 12 of the Dungeon.
You worshipped Vehumet.
Vehumet was most pleased with you.
You were hungry.

You visited 2 branches of the dungeon, and saw 13 of its levels.

You collected 773 gold pieces.
You spent 39 gold pieces at shops.

Inventory:

Hand Weapons
 r - a +1 dagger of protection
 v - a +5 dagger (weapon)
Missiles
 K - 10 curare-tipped darts (quivered)
Armour
 q - a cursed +0 pair of boots (worn)
 t - a +2 robe of cold resistance
 u - the +1 robe of Jiestreg (worn) {+Inv Str+4 Dex+7}
   (You found it on level 4 of the Dungeon)

   It affects your strength (+4).
   It affects your dexterity (+7).
   It lets you turn invisible.
 B - a +2 helmet (worn)
 D - a +1 pair of gloves (worn)
 H - a +0 buckler (worn)
 L - a scarf of invisibility (worn)
 P - the +1 leather armour of Voong {MR+ Str+5}
   (You found it on level 12 of the Dungeon)

   It affects your strength (+5).
   It affects your resistance to hostile enchantments.
Jewellery
 w - a ring of positive energy (left hand)
 A - an uncursed ring of stealth
 E - an uncursed ring of positive energy
 M - a +6 ring of dexterity (right hand)
Wands
 a - a wand of clouds (12)
 s - a wand of disintegration (6)
 G - a wand of digging (5)
 J - a wand of random effects (58)
 O - a wand of acid (14)
 Q - a wand of paralysis (8)
Scrolls
 d - 4 scrolls of teleportation
 f - 2 scrolls of magic mapping
 h - 4 scrolls of amnesia
 i - 5 scrolls of identify
 j - 2 scrolls of noise {unknown}
 k - 9 scrolls of remove curse {unknown}
 m - 2 scrolls of fog {unknown}
 n - 3 scrolls of enchant weapon {unknown}
 x - 3 scrolls of enchant armour {unknown}
 y - 2 scrolls of fear {unknown}
 C - a scroll of silence {unknown}
Potions
 b - 7 potions of curing
 e - 2 potions of flight {unknown}
 g - a potion of ambrosia {unknown}
 l - 7 potions of stabbing {unknown}
 o - 4 potions of mutation {unknown}
 p - 4 potions of resistance
 z - a potion of magic {unknown}
 F - a potion of haste {unknown}
 I - 2 potions of degeneration {unknown}
 N - a potion of heal wounds {unknown}
Comestibles
 c - 31 rations


   Skills:
 - Level 11.3 Dodging
 - Level 2.4 Stealth
 - Level 5.0 Shields
 - Level 7.2 Spellcasting
 - Level 2.2 Conjurations
 - Level 8.3 Summonings
 - Level 10.2 Ice Magic
 - Level 2.0 Air Magic
 * Level 6.0 Earth Magic
 - Level 2.0 Poison Magic


You had 4 spell levels left.
You knew the following spells:

 Your Spells              Type           Power        Failure   Level  Hunger
a - Freeze                Ice            ####         1%          1    None
b - Frozen Ramparts       Ice            ######       1%          3    None
c - Blink                 Tloc           N/A          11%         2    None
d - Hailstorm             Conj/Ice       #####...     1%          4    ###....
e - Summon Ice Beast      Ice/Summ       ######..     1%          4    ###....
f - Mephitic Cloud        Conj/Pois/Air  ###.....     2%          3    None
g - Stone Arrow           Conj/Erth      ####..       1%          3    None

Your spell library contained the following spells:

 Spells                   Type           Power        Failure   Level  Hunger
 Inner Flame              Hex/Fire       #.......     6%          3    None
 Magic Dart               Conj           ###.         1%          1    None
 Sandblast                Erth           #####.       1%          1    None
 Summon Small Mammal      Summ           ####         1%          1    None
 Call Imp                 Summ           #####...     1%          2    None
 Ozocubu's Armour         Chrm/Ice       ####....     2%          3    None
 Passwall                 Tmut/Erth      ###.....     3%          2    None
 Conjure Flame            Conj/Fire      ##......     3%          3    None
 Animate Skeleton         Necr           N/A          7%          1    None
 Apportation              Tloc           #.....       7%          1    None
 Corona                   Hex            #......      7%          1    None
 Slow                     Hex            #.......     11%         2    None
 Petrify                  Tmut/Erth      ###.....     21%         4    ###....
 Lee's Rapid Deconstruct  Erth           #####.....   4%          5    #####..


Dungeon Overview and Level Annotations

Branches:
Dungeon (12/15)            Temple (1/1) D:7            Lair (0/6) D:10
    Orc (0/2) D:10

Altars:
Ashenzari
Cheibriados
Dithmenos
Elyvilon
Gozag
Hepliaklqana
Kikubaaqudgha
Makhleb
Nemelex Xobeh
Okawaru
Qazlal
Ru
Sif Muna
Trog
Vehumet
Wu Jian
Xom
Yredelemnul
Zin
The Shining One
Beogh

Shops:
D:4 %   D:5 !   D:7 %

Annotations:
D:5 4 transporters, Elvorfindel's ghost, novice GrWr
D:12 Azrael


Message History

Ouch! That really hurt!
* * * LOW HITPOINT WARNING * * *
The damnation engulfs your ice beast! The damnation engulfs your ice beast!!
The hell hound bites your ice beast!
Your ice beast closely misses the hell hound.
You hear an angry hiss.
You hear a bark! x2; You hear a shout! x2
You hear an angry hiss.
Unknown command.
Unknown command.
As you read the scroll of teleportation, it crumbles to dust.
You feel strangely unstable.
The hell hound barely misses your ice beast.
Your ice beast hits the hell hound but does no damage.
Unknown command.
Unknown command.
Unknown command.
The hell hound closely misses your ice beast.
Azrael gestures at you.
The sphere of damnation explodes!
The damnation engulfs you!!
You die...

#.# .... ### #......#
..°○ ## #......# ..R..
.## #......# ..... .#.#
##......# z..... .#
.#.#......######hhh... .#
#.##...........YYh####
.###.##..............'...
#...............@)...#...
#.........)..........#
######...............# .#
#.......######### .#
#.......# .# #.......# .#
#.......# ## #......... #
.........'


You could see Azrael, 4 hell hounds, a wight and 2 friendly ice beasts.

Vanquished Creatures
  Sonja (D:10)
  A manticore (D:11)
  A gargoyle (D:12)
  A hippogriff (D:10)
  A shadow (D:12)
  3 yaks (D:7)
  A vampire mosquito (D:12)
  2 water moccasins
  2 ice beasts
  A sky beast (D:6)
  A phantom (D:10)
  3 necrophages
  6 orc warriors
  5 ogres
  6 centaurs
  A crocodile (D:10)
  2 big kobolds
  5 bullfrogs
  2 scorpions
  7 killer bees
  A howler monkey (D:5)
  6 crimson imps
  A bullfrog zombie (D:8)
  10 orc priests
  2 hounds
  A jelly (D:11)
  A bullfrog skeleton (D:7)
  A gnoll shaman (D:5)
  2 centaur skeletons
  7 worker ants
  An iguana (D:6)
  17 orc wizards
  2 hound skeletons
  2 worker ant zombies
  8 gnolls
  A howler monkey skeleton (D:6)
  8 adders
  4 shadow imps
  2 oozes
  3 adder zombies
  3 worms
  A dart slug (D:2)
  7 leopard geckos
  38 orcs
  3 bats
  2 bat zombies (D:5)
  6 giant cockroaches
  9 goblins
  8 hobgoblins
  7 jackals
  12 kobolds
  6 quokkas
  3 ball pythons
  2 frilled lizards
  A leopard gecko skeleton (D:6)
  A quokka skeleton (D:4)
  A quokka zombie (D:8)
  8 rats
  2 rat zombies (D:5)
252 creatures vanquished.

Vanquished Creatures (collateral kills)
  3 two-headed ogres
  A deep elf mage (D:12)
  A gargoyle (D:10)
  3 trolls
  2 hippogriffs
  A wraith (D:12)
  4 yaks
  A wyvern (D:11)
  A hungry ghost (D:7)
  2 vampire mosquitoes (D:12)
  An orc warrior (D:11)
  A necrophage (D:11)
  An ice beast (D:9)
  An eye of draining (D:12)
  A centaur (D:9)
  A wyvern skeleton (D:9)
  5 killer bees
  7 wights
  A bullfrog zombie (D:11)
  A centaur zombie (D:7)
  A shadow imp (D:12)
  4 orcs
44 creatures vanquished.

Grand Total: 296 creatures vanquished

Notes
Turn   | Place    | Note
-------+----------+-------------------------------------------
     0 | D:1      | gruber the Deep Elf Ice Elementalist began the quest for
                  | the Orb.
     0 | D:1      | Reached XP level 1. HP: 10/10 MP: 6/6
   251 | D:1      | Reached XP level 2. HP: 13/15 MP: 2/8
   351 | D:1      | Reached skill level 5 in Ice Magic
   831 | D:2      | Found a sacrificial altar of Ru.
   839 | D:2      | Reached XP level 3. HP: 19/19 MP: 5/9
   912 | D:1      | Learned a level 3 spell: Frozen Ramparts
  1462 | D:2      | Found a glowing golden altar of the Shining One.
  1945 | D:3      | Noticed a bullfrog
  1948 | D:3      | Killed a bullfrog
  1948 | D:3      | Reached XP level 4. HP: 24/24 MP: 4/10
  1952 | D:3      | Learned a level 2 spell: Blink
  2256 | D:3      | Reached XP level 5. HP: 17/28 MP: 7/11
  2471 | D:3      | Found a white marble altar of Elyvilon.
  2605 | D:3      | Found a stormy altar of Qazlal.
  3301 | D:4      | Found Loyjuefe's Food Shoppe.
  3450 | D:4      | Got a slimy robe
  3454 | D:4      | Identified the +1 robe of Jiestreg {+Inv Str+4 Dex+7} (You
                  | found it on level 4 of the Dungeon)
  3683 | D:4      | Reached skill level 5 in Spellcasting
  3683 | D:4      | Reached XP level 6. HP: 32/32 MP: 10/15
  4043 | D:4      | Found a shimmering blue altar of Sif Muna.
  4522 | D:5      | Entered Level 5 of the Dungeon
  4522 | D:5      | Found a transporter.
  4528 | D:5      | Found a bloodstained altar of Trog.
  4584 | D:5      | Found Nomn's Distillery.
  4591 | D:4      | Reached XP level 7. HP: 19/36 MP: 13/19
  5020 | D:4      | Learned a level 4 spell: Hailstorm
  5025 | D:4      | Learned a level 4 spell: Summon Ice Beast
  5029 | D:4      | Learned a level 3 spell: Mephitic Cloud
  5033 | D:5      | Reached skill level 1 in Conjurations
  5033 | D:5      | Reached skill level 1 in Summonings
  5033 | D:5      | Reached skill level 1 in Poison Magic
  5035 | D:5      | Reached skill level 1 in Air Magic
  5177 | D:5      | Bought a potion of curing for 39 gold pieces
  5189 | D:5      | Found a transporter.
  5538 | D:5      | Found a transporter.
  5543 | D:5      | Noticed Elvorfindel's ghost (novice GrWr)
  5789 | D:5      | Found an ancient bone altar of Kikubaaqudgha.
  5834 | D:5      | Noticed a fire bat
  5835 | D:5      | Found a transporter.
  6295 | D:6      | Reached XP level 8. HP: 41/41 MP: 3/20
  6572 | D:6      | Reached skill level 5 in Summonings
  6719 | D:6      | Found a shadowy altar of Dithmenos.
  7136 | D:6      | Found a burning altar of Makhleb.
  7147 | D:6      | Found an ornate altar of the Wu Jian Council.
  8012 | D:7      | Reached XP level 9. HP: 45/45 MP: 7/21
  8139 | D:7      | Found an iron altar of Okawaru.
  8179 | D:7      | Found Amaihuot's Food Shoppe.
  8351 | D:7      | Found a staircase to the Ecumenical Temple.
  8557 | Temple   | Entered the Ecumenical Temple
  8663 | Temple   | Became a worshipper of Vehumet
  8860 | D:7      | Found an opulent altar of Gozag.
  9050 | D:8      | Reached skill level 10 in Ice Magic
  9392 | D:8      | Reached skill level 1 in Shields
  9423 | D:8      | Noticed a two-headed ogre
  9435 | D:8      | Killed a two-headed ogre
  9925 | D:8      | Reached * piety under Vehumet
  9925 | D:8      | Offered knowledge of Shock by Vehumet.
 11097 | D:9      | Noticed a troll
 11107 | D:9      | Killed a troll
 11107 | D:9      | Reached XP level 10. HP: 50/50 MP: 10/22
 11413 | D:9      | Reached skill level 5 in Shields
 11653 | D:10     | Entered Level 10 of the Dungeon
 11654 | D:10     | Found a staircase to the Lair.
 11665 | D:10     | Reached skill level 3 in Dodging
 11830 | D:10     | Noticed Sonja
 11836 | D:10     | Killed Sonja
 11836 | D:10     | Reached skill level 5 in Dodging
 12165 | D:10     | Reached skill level 6 in Dodging
 12347 | D:10     | Found a staircase to the Orcish Mines.
 12356 | D:10     | Reached skill level 7 in Dodging
 12581 | D:10     | Noticed a gargoyle
 12596 | D:10     | Killed a gargoyle
 12596 | D:10     | Reached skill level 8 in Dodging
 13096 | D:10     | Found a roughly hewn altar of Beogh.
 13102 | D:10     | Reached ** piety under Vehumet
 13102 | D:10     | Offered knowledge of Foxfire by Vehumet.
 13527 | D:11     | Reached skill level 9 in Dodging
 13871 | D:11     | Reached skill level 10 in Dodging
 13941 | D:11     | Noticed a two-headed ogre
 13951 | D:11     | Killed a two-headed ogre
 13951 | D:11     | Offered knowledge of Dazzling Flash by Vehumet.
 14066 | D:11     | Noticed a manticore
 14079 | D:11     | Killed a manticore
 14086 | D:11     | Reached XP level 11. HP: 54/54 MP: 10/23
 14449 | D:11     | Reached skill level 11 in Dodging
 14714 | D:11     | Reached *** piety under Vehumet
 14844 | D:11     | Learned a level 3 spell: Stone Arrow
 14980 | D:12     | Reached skill level 1 in Earth Magic
 15057 | D:12     | Noticed a deep elf mage
 15063 | D:12     | Offered knowledge of Inner Flame by Vehumet.
 15063 | D:12     | Killed a deep elf mage
 15256 | D:12     | Noticed a two-headed ogre
 15265 | D:12     | Killed a two-headed ogre
 15579 | D:12     | Reached skill level 5 in Earth Magic
 15663 | D:12     | Got a shimmering leather armour
 15664 | D:12     | Identified the +1 leather armour of Voong {MR+ Str+5} (You
                  | found it on level 12 of the Dungeon)
 15979 | D:12     | Noticed Azrael
 15982 | D:12     | Killed from afar by Azrael

Illustrated notes

Levels and vault maps discovered:
D:1:      zaba_arrival_water, layout_basic, kennysheep_crisscross
D:2:      layout_rooms, nicolae_overflow_crystal_walls,
          nicolae_ru_sacrificial_ziggurat
D:3:      layout_basic, lemuel_round_altar, old_standard_altar, first_ration,
          minmay_misc_feat_rugged
D:4:      layout_cave_pods, lemuel_blue_sif_altar, serial_shops,
          nicolae_shop_waterfront
D:5:      gammafunk_cloud_chamber, layout_cave_pools,
          lemuel_zombie_altar_kikubaaqudgha, serial_shops, shop,
          gammafunk_ghost_stat_death, bloody_trog
D:6:      layout_basic, nicolae_dithmenos_shadow_blocks,
          amethyst_overflow_temple_binary
D:7:      layout_loops_ring, okawaru_gym_becter, nicolae_gozag_seed_capital,
          minmay_temple_entry_statues_pillars, serial_shops,
          nicolae_shop_crystal
D:8:      layout_layer_cave
D:9:      layout_roguey
D:10:     layout_gridville, lair_entry_dummy, minmay_orc_entry_temple_small,
          uniq_sonja
D:11:     layout_loops_ring, enter_bailey_2
D:12:     layout_gridville, hangedman_pestilent_swarm,
          nicolae_qazlal_general_emergency, uniq_azrael
Temple:   grunt_temple_mini_profane

Skill      XL: |  1  2  3  4  5  6  7  8  9 10 11 |
---------------+----------------------------------+-----
Ice Magic      | 5 6 7 8 10 | 10.2
Spellcasting   | 5 7 |  7.2
Conjurations   | 2 |  2.2
Summonings     | 3 8 |  8.3
Poison Magic   | 2 |  2.0
Air Magic      | 2 |  2.0
Shields        | 4 5 |  5.0
Dodging        | 10 11 | 11.3
Earth Magic    | 6 |  6.0
Stealth        | |  2.4

Action                   |  1- 3 |  4- 6 |  7- 9 | 10-12 || total
-------------------------+-------+-------+-------+-------++-------
Melee: Dagger            |    35 |    66 |   136 |   123 ||   360
       Unarmed           |     1 |       |       |       ||     1
 Cast: Freeze            |    46 |     8 |    24 |    22 ||   100
       Frozen Ramparts   |     4 |    17 |    50 |    34 ||   105
       Summon Ice Beast  |       |       |    34 |    58 ||    92
       Hailstorm         |       |       |     8 |    25 ||    33
       Blink             |       |       |     1 |       ||     1
       Mephitic Cloud    |       |       |       |     1 ||     1
       Stone Arrow       |       |       |       |     7 ||     7
Evoke: Wand              |       |     2 |       |       ||     2
  Use: Scroll            |       |     4 |       |     2 ||     6
 Stab: Sleeping          |     2 |     6 |     4 |     2 ||    14
       Distracted        |       |       |       |     5 ||     5
  Eat: Chunk             |     3 |     9 |    20 |    21 ||    53
       Ration            |       |       |     1 |       ||     1
Armor: Robe              |     9 |    21 |    61 |    21 ||   112
Dodge: Dodged            |    56 |    38 |   132 |   114 ||   340
Block: Buckler           |       |       |    11 |    38 ||    49
